 Dungeon Crawl Stone Soup version 0.23-a0-49-gd9f7a49668 (webtiles) character file.

288 LLavrengius the Skirmisher (level 6, -6/43 HPs)
             Began as an Octopode Transmuter on Aug 7, 2018.
             Killed from afar by an orc wizard (10 damage)
             ... with a puff of flame
             ... on level 4 of the Dungeon.
             The game lasted 00:12:01 (2743 turns).

LLavrengius the Skirmisher (Octopode Transmuter)    Turns: 2743, Time: 00:12:02

Health: -6/43      AC:  1    Str: 10    XL:     6   Next: 31%
Magic:  9/9        EV: 13    Int: 16    God:
Gold:   214        SH:  0    Dex: 13    Spells: 2/9 levels left

rFire    . . .     SeeInvis .   e - +1 whip (venom)
rCold    . . .     Gourm    .   (no shield)
rNeg     . . .     Faith    .   (helmet restricted)
rPois    +         Spirit   .   (no amulet)
rElec    .         Reflect  .   q - ring of poison resistance
rCorr    .         Harm     .   t - ring of flight
MR       .....                  (no ring)
Stlth    ++........             (no ring)
HPRegen  0.14/turn              (no ring)
MPRegen  0.11/turn              (no ring)
                                (no ring)
                                (no ring)

@: no status effects
A: almost no armour, stealthy swim, amphibious, 8 rings, constrict 8, camouflage
1, gelatinous body 1
a: Evoke Flight


You were on level 4 of the Dungeon.
You were very hungry.

You visited 1 branch of the dungeon, and saw 4 of its levels.

You collected 214 gold pieces.

Inventory:

Hand Weapons
 e - a +1 whip of venom (weapon)
 l - a +2 short sword of venom
Missiles
 a - 67 arrows
 b - 138 stones
 h - 49 sling bullets
 n - 7 javelins (quivered)
 r - 7 poisoned needles
Jewellery
 q - a ring of poison resistance (left tentacle)
 t - a ring of flight (right tentacle)
Scrolls
 d - a scroll of remove curse
 f - 2 scrolls of fear
 g - 3 scrolls of identify
 m - a scroll of enchant weapon
 o - a scroll of immolation
Potions
 i - a potion of heal wounds {unknown}
 j - 3 potions of haste
 k - 2 potions of berserk rage {unknown}
 s - a potion of might {unknown}
Comestibles
 c - 7 rations
 p - 7 chunks of flesh


   Skills:
 * Level 4.2 Fighting
 + Level 2.7 Maces & Flails
 - Level 2.0 Dodging
 - Level 3.1 Unarmed Combat
 - Level 2.0 Spellcasting
 + Level 3.5 Transmutations


You had 2 spell levels left.
You knew the following spells:

 Your Spells              Type           Power        Failure   Level  Hunger
a - Beastly Appendage     Tmut           ##....       4%          1    #......
b - Sticks to Snakes      Tmut           ##......     8%          2    ###....
c - Ice Form              Ice/Tmut       #.......     69%         4    #####..

Your spell library contained the following spells:

 Spells                   Type           Power        Failure   Level  Hunger
 Spider Form              Tmut/Pois      #.........   30%         3    ###....
 Blade Hands              Tmut           ##........   80%         5    ######.


Dungeon Overview and Level Annotations

Branches:
Dungeon (4/15)
 Temple: D:4-7

Altars:
Nemelex Xobeh
Trog

Annotations:
D:3 3 runed doors, LLavrengius's ghost, amateur OpTm


Innate Abilities, Weirdness & Mutations

You cannot wear most types of armour.
You are very stealthy in the water. (Stealth+)
You are amphibious.
You can wear up to eight rings at the same time.
You can use your tentacles to constrict eight enemies at once.
Your skin changes colour to match your surroundings (Stealth+).
Your rubbery body absorbs attacks. (AC +1, EV +1)


Message History

A puff of flame appears from out of thin air!
The puff of flame hits you!
You see here 12 arrows.
Found a ration.
Your tentacle spike disappears.
A magic dart appears from out of thin air!
The magic dart hits you!
The orc priest mumbles some strange prayers to Beogh against you.
Beogh smites you!
* * * LOW HITPOINT WARNING * * *
You are feeling very hungry.
A puff of flame appears from out of thin air!
The puff of flame hits you!
* * * LOW HITPOINT WARNING * * *
You are confused.
Something tries to affect you, but you resist.
You feel less confused.
A puff of flame appears from out of thin air!
The puff of flame hits you!
You die...

## ##. ...... ##..
..<... #.#..# ......
#%.... ..... #########
....## ... #........ ##
## # #.####.######## #.
#.#...@..o.oo...# ###.
#....##.........####o..
#.##.##................
#...<##..).............
#..####..........#.....
#...............#..#...
#..####...>.....#.##.⌠.
.. ########........_ #.
..#..###⌠.


You could see an orc priest and 2 orcs.

Vanquished Creatures
  A water moccasin skeleton (D:4)
  Jessica (D:2)
  A worker ant (D:4)
  2 hound skeletons (D:4)
  A gnoll (D:1)
  4 adders
  3 oozes
  5 worms
  A dart slug (D:1)
  A leopard gecko (D:3)
  5 orcs
  5 bats
  5 goblins
  4 hobgoblins (D:3)
  11 jackals
  A ball python (D:1)
  3 frilled lizards
  9 kobolds
  6 rats
69 creatures vanquished.

Vanquished Creatures (collateral kills)
  A bullfrog skeleton (D:4)
  A jackal (D:4)
2 creatures vanquished.

Grand Total: 71 creatures vanquished

Notes
Turn   | Place    | Note
-------+----------+-------------------------------------------
     0 | D:1      | LLavrengius the Octopode Transmuter began the quest for the Orb.
     0 | D:1      | Reached XP level 1. HP: 13/13 MP: 3/3
   403 | D:1      | Reached XP level 2. HP: 16/18 MP: 5/5
   451 | D:1      | Reached XP level 3. HP: 21/24 MP: 6/6
   461 | D:1      | Reached skill level 2 in Fighting
   810 | D:1      | Reached skill level 1 in Maces & Flails
  1119 | D:2      | Noticed Jessica
  1233 | D:2      | Noticed a moth of wrath
  1264 | D:2      | Reached XP level 4. HP: 28/30 MP: 5/7
  1268 | D:2      | Learned a level 2 spell: Sticks to Snakes
  1273 | D:2      | Learned a level 4 spell: Ice Form
  1462 | D:2      | Killed Jessica
  1499 | D:2      | Reached skill level 3 in Fighting
  1681 | D:2      | Found a bloodstained altar of Trog.
  1927 | D:3      | Reached XP level 5. HP: 36/36 MP: 8/8
  2293 | D:3      | Found a runed gate.
  2293 | D:3      | Found a runed gate.
  2293 | D:3      | Found a runed gate.
  2332 | D:3      | Noticed LLavrengius's ghost (amateur OpTm)
  2530 | D:4      | Found a sparkling altar of Nemelex Xobeh.
  2612 | D:4      | Reached skill level 4 in Fighting
  2612 | D:4      | Reached XP level 6. HP: 32/43 MP: 4/9
  2651 | D:4      | Noticed a phantom
  2731 | D:4      | HP: 2/43 [something/puff of flame (9)]
  2743 | D:4      | Killed from afar by an orc wizard

Vault maps used:
D:1:      evilmike_arrival_run_for_it, hangedman_glass_teeth
D:2:      tgw_trog, uniq_jessica
D:3:      gammafunk_ghost_icy
D:4:      nemelex_xobeh_ov_fountains_minmay, portal_sewer_entry_a

Skill      XL: |  1  2  3  4  5 |
---------------+----------------+-----
Fighting       | 2 3 4 |  4.2
Maces & Flails | 1 2 |  2.7
Transmutations | 3 |  3.5
Dodging        | |  2.0
Unarmed Combat | |  3.1
Spellcasting   | |  2.0

Action                   |  1- 3 |  4- 6 || total
-------------------------+-------+-------++-------
Melee: Whip              |    48 |   116 ||   164
       Unarmed           |     5 |       ||     5
       Tentacles         |    11 |    21 ||    32
       Constrict         |    10 |    35 ||    45
       Punch             |     1 |     3 ||     4
       Kick              |       |     8 ||     8
Throw: Javelin           |       |     1 ||     1
 Cast: Beastly Appendage |     1 |     4 ||     5
       Sticks to Snakes  |       |     2 ||     2
  Use: Scroll            |       |     9 ||     9
 Stab: Sleeping          |       |     5 ||     5
       Distracted        |       |     1 ||     1
  Eat: Chunk             |       |     5 ||     5
Armor: Skin              |     5 |     6 ||    11
Dodge: Dodged            |    40 |    67 ||   107

Table legend:
 A = Spawn XP
 B = Non-spawn XP
 C = Spawn XP percentage of total XP
 D = Spawn monster count
 E = Non-spawn monster count
 F = Spawn count percentage of total count
 G = Total turns spent on level
                    A         B        C        D         E        F      G
               +---------+---------+-------+---------+---------+-------+---------
         Total |       0 |     412 |   0.0 |       0 |      71 |   0.0 |  2743
               +---------+---------+-------+---------+---------+-------+---------
           D:1 |       0 |      49 |   0.0 |       0 |      17 |   0.0 |  1166
           D:2 |       0 |     114 |   0.0 |       0 |      25 |   0.0 |   757
           D:3 |       0 |      46 |   0.0 |       0 |      15 |   0.0 |   587
           D:4 |       0 |     203 |   0.0 |       0 |      14 |   0.0 |   233
               +---------+---------+-------+---------+---------+-------+---------
